 Dungeon Crawl Stone Soup version 0.31-a0-1104-g3bd3108e02 (webtiles) character file.

Game seed: 14306709941890431381

64 inmateoo the Trooper (level 4, -3/29 HPs)
             Began as a Gargoyle Fighter on Dec 2, 2023.
             Slain by Natasha (6 damage)
             ... on level 4 of the Dungeon.
             The game lasted 00:01:40 (1600 turns).

inmateoo the Trooper (Gargoyle Fighter)             Turns: 1600, Time: 00:01:41

Health: -3/29      AC: 12    Str: 20    XL:     4   Next: 12%
Magic:  4/4        EV:  9    Int:  8    God:
Gold:   142        SH:  4    Dex: 11    Spells: 3/3 levels left

rFire   . . .        i - +2 hand axe (drain)
rCold   . . .        c - +0 buckler
rNeg    + . .        b - +0 scale mail
rPois   ∞            r - +0 helmet
rElec   +            (no cloak)
rCorr   .            l - +0 pair of gloves
SInv    .            (no boots)
Will    +....        (no amulet) Stlth
                     m - ring of willpower
HPRegen 0.24/turn    (no ring)
MPRegen 0.09/turn

%: no passive effects
@: mighty
A: sickness immunity, AC +3, negative energy resistance 1, electricity
resistance, torment resistance 1, petrification resistance
a: no special abilities


You were on level 4 of the Dungeon.
You visited 1 branch of the dungeon, and saw 4 of its levels.

You collected 142 gold pieces.

Inventory:

Hand Weapons
 a - a +0 flail
 i - a +2 hand axe of draining (weapon)
Armour
 b - a +0 scale mail (worn)
 c - a +0 buckler (worn)
 l - a +0 pair of gloves (worn)
 r - a +0 helmet (worn)
Jewellery
 m - a ring of willpower (left hand)
Scrolls
 e - a scroll of summoning {unknown}
 f - a scroll of identify {unknown}
 h - a scroll of amnesia {unknown}
 j - a scroll of revelation {unknown}
 k - a scroll of fear {unknown}
 n - 3 scrolls of immolation {unknown}
 s - a scroll of enchant armour {unknown}
 u - a scroll of teleportation {unknown}
Potions
 g - a potion of attraction {unknown}
 o - a potion of mutation {unknown}
 p - 2 potions of ambrosia {unknown}
 q - a potion of heal wounds {unknown}
 t - a potion of curing {unknown}


   Skills:
 + Level 3.7 Fighting
 * Level 2.9 Maces & Flails
 + Level 3.7 Armour
 + Level 0.9 Dodging
 + Level 3.6 Shields


You had 3 spell levels left.
You didn't know any spells.
Your spell library contained the following spells:

 Spells                   Type           Power      Damage    Failure   Level
 Apportation              Tloc           0%         N/A       83%         1
 Necrotise                Necr           0%         1d4       83%         1
 Shock                    Conj/Air       0%         1d3       83%         1
 Summon Small Mammal      Summ           0%         N/A       83%         1
 Ozocubu's Armour         Ice            0%         N/A       99%         3
 Swiftness                Air            0%         N/A       99%         3
 Airstrike                Air            0%         2d(0-16)  100%        4
 Metabolic Englaciation   Hex/Ice        0%         N/A       100%        5
 Simulacrum               Ice/Necr       0%         N/A       100%        6


Dungeon Overview and Level Annotations

Branches:
Dungeon (4/15)
 Temple: D:4-7

Altars:
The Shining One

Annotations:
D:4 Jessica, Natasha


Innate Abilities, Weirdness & Mutations

You are immune to sickness and miasma.
Your stone body is resilient. (AC +3)
You are immune to poison.
You resist negative energy. (rN+)
You are resistant to electric shocks. (rElec)
You are resistant to unholy torment.
You are immune to petrification.


Message History

Natasha claws you.
Jessica very coldly says, "I hate your company."
You block the cerulean imp's attack. Jessica attacks as she pursues you!
Jessica hits you with a +0 club.
* * * LOW HITPOINT WARNING * * *
Natasha attacks as she pursues you! Natasha claws you but does no damage.
There is a stone staircase leading down here.
The jackal barks!
You hear a shout!
Natasha barely misses you.
The cerulean imp hits you but does no damage.
Jessica barely misses you.
The cerulean imp hits you but does no damage.
You climb downwards.
The cerulean imp disappears in a puff of smoke! x2
You hear the hiss of flowing sand.
There is an entrance to an ossuary on this level.
Hurry and find it before the portal is buried!
The endoplasm quivers.
Found a long glowing staff.
There is a stone staircase leading up here.
You feel very mighty all of a sudden. You block Jessica's attack.
Natasha hisses.
Natasha barely misses you.
You barely miss Natasha.
Natasha is lightly wounded.
You hit Jessica. You drain Jessica.
Jessica casts a spell.
Jessica seems to speed up.
Natasha claws you.
* * * LOW HITPOINT WARNING * * *
You barely miss Natasha.
Natasha is lightly wounded.
You closely miss Jessica. Jessica hits you but does no damage.
Natasha claws you.
* * * LOW HITPOINT WARNING * * *
Jessica casts a spell at you. You resist with some effort.
Natasha completely misses you.
You miss Natasha. You barely miss Jessica. Jessica closely misses you.
Jessica hits you but does no damage. Natasha claws you.
You die...
Natasha begins licking her fur clean.

..........
.........#
.......|#
#......
#.....
#....#
...#....+
......h@#
......J@#
..##....#
......#
..###....
. .....
##....
......


You could see Natasha, Jessica (fast, very drained) and an endoplasm.

Vanquished Creatures
  4 dart slugs
  6 ball pythons
  3 bats (D:1)
  8 endoplasms
  A giant cockroach (D:1)
  5 goblins
  4 hobgoblins
  7 kobolds
  4 quokkas
  2 frilled lizards (D:2)
  5 rats
49 creatures vanquished.

Notes
Turn   | Place    | Note
-------+----------+-------------------------------------------
     0 | D:1      | inmateoo the Gargoyle Fighter began the quest for the Orb.
     0 | D:1      | Reached XP level 1. HP: 14/14 MP: 1/1
   156 | D:1      | Reached XP level 2. HP: 19/19 MP: 2/2
   450 | D:1      | Reached XP level 3. HP: 19/23 MP: 3/3
  1098 | D:2      | Reached XP level 4. HP: 25/29 MP: 4/4
  1519 | D:3      | Found a glowing golden altar of the Shining One.
  1584 | D:3      | Noticed Jessica
  1585 | D:3      | Noticed Natasha
  1600 | D:4      | Slain by Natasha

Illustrated notes

Levels and vault maps discovered:
D:1:      spicycebolla_green_bress_n_ham, layout_loops_cross, serial_forest,
          infiniplex_forest_lined_3_way, infiniplex_forest_zigzag_2,
          infiniplex_forest_corner_1, infiniplex_forest_lined_room_2,
          infiniplex_forest_straight_5, infiniplex_forest_clump_small
D:2:      layout_basic, minmay_misc_feat_iff, minmay_misc_feat_encased,
          minmay_circled_x
D:3:      layout_rooms, tso_metal_star, ebering_ghost_rock_garden,
          hellmonk_ecumenical_altar_inner_sanctum, uniq_jessica, uniq_natasha
D:4:      layout_cave_pools, mainiacjoe_overflow_alcove_2,
          chequers_temple_overflow_minitemple, gammafunk_ghost_arena,
          nicolae_ossuary_entry_false_entrances, amcnicky_mini_pool_small,
          uniq_crazy_yiuf_cottage

Action                     |  1- 3 |  4- 6 || total
---------------------------+-------+-------++-------
  Melee: Flail             |    75 |       ||    75
         Hand axe          |    32 |    15 ||    47
    Use: Potion            |       |     1 ||     1
 Armour: Scale mail        |    67 |    20 ||    87
  Dodge: Dodged            |    39 |    10 ||    49
  Block: Buckler           |    25 |     7 ||    32

Table legend: (Time is in decaauts)
 A = Elapsed time spent in this place.
 B = Non-inter-level travel time spent in this place.
 C = Inter-level travel time spent in this place.
 D = Time resting spent in this place.
 E = Time spent auto-exploring this place.
 F = Levels seen in this place.
 G = Mean time per level.
                   A        B        C        D        E       F      G
               +--------+--------+--------+--------+--------+-----+--------+
         Total |   1635 |   1508 |    127 |     80 |   1091 |   4 |  408.8 |
       Dungeon |   1635 |   1508 |    127 |     80 |   1091 |   4 |  408.8 |
               +--------+--------+--------+--------+--------+-----+--------+

Top non-repeatable levels by time:
     D:1: 769 daAuts
     D:2: 758 daAuts
     D:3: 102 daAuts
     D:4: 4 daAuts
